 Dungeon Crawl Stone Soup version 0.32-a0-909-gc671339a80 (webtiles) character file.

Game seed: 2141974249961765282

460 DrunkBamboolord the Shooter (level 7, -1/78 HPs)
             Began as a Coglin Hunter on Apr 7, 2024.
             Slain by a wyvern (10 damage)
             ... on level 4 of the Dungeon.
             The game lasted 00:04:57 (4418 turns).

DrunkBamboolord the Shooter (Coglin Hunter)         Turns: 4418, Time: 00:04:57

Health: -1/78      AC: 23    Str: 11    XL:     7   Next: 7%
Magic:  7/7        EV:  2    Int:  9    God:
Gold:   387        SH:  0    Dex: 19    Spells: 6/6 levels left

rFire   . . .        a - +2 sling {Pysher}
rCold   . . .        d - +0 sling {Somchai}
rNeg    . . .        c - melded +0 leather armour
rPois   +            s - melded +0 helmet
rElec   .            (cloak currently unavailable)
rCorr   .            (gloves currently unavailable)
SInv    .            (boots currently unavailable)
Will    .....        (amulet unavailable)
Stlth   ++           (ring unavailable)
HPRegen 0.33/turn    (ring unavailable)
MPRegen 0.10/turn    (no gizmo)

%: no passive effects
@: tree-form, revved
A: stationary, stasis, torment immunity, boosted hp, off-hand wielding, slow
wielding, warmup strikes, no jewellery, mutation resistance 1, wild magic 1
a: Invent Gizmo


You were on level 4 of the Dungeon.
You were a tree.
You visited 1 branch of the dungeon, and saw 4 of its levels.
You also visited: Sewer.

You collected 387 gold pieces.

Inventory:

Hand Weapons
 a - a +2 sling (weapon) {Pysher}
 d - a +0 sling (offhand) {Somchai}
Armour
 c - a +0 leather armour (melded)
 s - a +0 helmet (melded)
Scrolls
 b - a scroll of silence {unknown}
 g - a scroll of revelation
 k - 2 scrolls of poison {unknown}
 l - 4 scrolls of noise
 n - 2 scrolls of vulnerability {unknown}
 o - 5 scrolls of identify {unknown}
 p - 2 scrolls of fear {unknown}
Potions
 e - a potion of lignification
 f - 2 potions of invisibility {unknown}
 h - 2 potions of curing
 i - 2 potions of mutation
 j - 2 potions of enlightenment
 m - a potion of brilliance {unknown}
 q - a potion of might {unknown}
 r - a potion of ambrosia {unknown}


   Skills:
 + Level 3.6 Fighting
 * Level 5.5 Ranged Weapons
 + Level 3.3 Dodging
 + Level 2.8 Stealth


You had 6 spell levels left.
You didn't know any spells.
Your spell library contained the following spells:

 Spells                   Type           Power      Damage    Failure   Level
 Dazzling Flash           Conj/Hex       0%         N/A       83%         3
 Mephitic Cloud           Conj/Alch/Air  0%         N/A       83%         3
 Curse of Agony           Necr           0%         N/A       100%        5
 Silence                  Hex/Air        0%         N/A       100%        5
 Starburst                Conj/Fire      0%         6d3       100%        6
 Maxwell's Capacitive Co  Air            0%         ∞         100%        8


Dungeon Overview and Level Annotations

Branches:
Dungeon (4/15)              Sewer (visited)
 Temple: D:4-7

Altars:
Xom


Innate Abilities, Weirdness & Mutations

You are a tree.
Your roots penetrate the ground, keeping you stationary.
You cannot be teleported.
You are immune to unholy pain and torment.
Your maximum health is greatly increased.
Your equipment is partially melded.
You can wield a second weapon in your off-hand.
It takes a long time for you to wield or remove held weapons.
Your first few attacks do less damage.
You cannot equip rings or amulets.
You are somewhat resistant to further mutation.
Your spells are a little harder to cast, but a little more powerful.


Message History

You shoot a sling bullet.
The sling bullet barely misses the gnoll sergeant.
* * * LOW HITPOINT WARNING * * *
You feel very sick.
The gnoll sergeant hits you but does no damage.
You feel better.
The gnoll sergeant hits you with a +6 spear of venom.
* * * LOW HITPOINT WARNING * * *
Unknown command.
You shoot a sling bullet.
The sling bullet barely misses the gnoll sergeant.
You shoot a sling bullet.
The sling bullet hits the gnoll sergeant but does no damage.
The gnoll sergeant is heavily wounded.
The gnoll sergeant completely misses you.
Unknown command.
You shoot a sling bullet.
The sling bullet hits the gnoll sergeant.
The gnoll sergeant is severely wounded.
You shoot a sling bullet.
The sling bullet hits the gnoll sergeant.
The gnoll sergeant is almost dead.
The gnoll sergeant hits you with a +6 spear of venom.
* * * LOW HITPOINT WARNING * * *
You feel better.
The gnoll sergeant hits you but does no damage.
Unknown command.
You shoot a sling bullet.
The sling bullet hits the gnoll sergeant!
You kill the gnoll sergeant!
You shoot a sling bullet. The wyvern bites you!
* * * LOW HITPOINT WARNING * * *
You have reached level 7!
Your brain swirls with designs for a supergenerator N-40.
You just need some more time...
You shoot a sling bullet.
The sling bullet closely misses the wyvern.
You shoot a sling bullet.
The sling bullet barely misses the wyvern.
The wyvern bites you!
You die...

#.....#.# #
#..####.##. #..#
#.. #..# #.### #..#
#.#.## #..# #..#.##
#..######.###.# #
#.......#..#.####.#
#.####.##.###♣#.gk#
#.# #.##..#.#k# #.#
#..#[###### #.#
##...# #.# #####
#.# #.# #.#


You could see a wyvern.

Vanquished Creatures
  A gnoll sergeant (D:4)
  A sleepcap (D:4)
  An orc wizard (D:3)
  14 gnolls
  A river rat (Sewer)
  5 adders
  3 dart slugs (Sewer)
  4 ribbon worms
  2 orcs (D:3)
  11 ball pythons
  4 endoplasms
  4 giant cockroaches
  35 goblins
  16 hobgoblins
  A jackal (Sewer)
  5 quokkas
  11 bats
  5 frilled lizards
  10 kobolds
  7 rats
141 creatures vanquished.

Notes
Turn   | Place    | Note
-------+----------+-------------------------------------------
     0 | D:1      | DrunkBamboolord the Coglin Hunter began the quest for the
                  | Orb.
     0 | D:1      | Reached XP level 1. HP: 16/16 MP: 1/1
   161 | D:1      | Reached skill level 1 in Stealth
   232 | D:1      | Reached XP level 2. HP: 20/22 MP: 2/2
   857 | D:2      | Reached XP level 3. HP: 27/27 MP: 3/3
   865 | D:2      | Reached skill level 4 in Ranged Weapons
   948 | D:2      | Found a shimmering altar of Xom.
   966 | D:2      | Reached XP level 4. HP: 34/34 MP: 4/4
  1630 | D:3      | Found a glowing drain.
  1645 | Sewer    | Entered a sewer
  1800 | Sewer    | Reached XP level 5. HP: 12/40 MP: 5/5
  2611 | D:3      | Reached skill level 5 in Ranged Weapons
  2611 | D:3      | Reached XP level 6. HP: 38/47 MP: 6/6
  4399 | D:4      | Noticed a wyvern
  4402 | D:4      | Gained mutation: You are somewhat resistant to further
                  | mutation. [potion of mutation]
  4402 | D:4      | Gained mutation: Your spells are a little harder to cast,
                  | but a little more powerful. [potion of mutation]
  4418 | D:4      | Reached XP level 7. HP: 9/52 MP: 7/7
  4418 | D:4      | Slain by a wyvern

Illustrated notes

Levels and vault maps discovered:
D:1:      minmay_arrival_up_and_down, layout_basic,
          minmay_misc_feat_four_crosses
D:2:      layout_loops_ring, basic_altar, minmay_fractal_squares_gapless_5
D:3:      minmay_goblin_kobold_castle, layout_loops_cross,
          cheibrodos_sewer_entry_bend, kennysheep_generic_room_8
D:4:      layout_loops_ring, pdpol_wu_jian_five_deadly_venoms,
          minmay_small_thing

Skill      XL: |  1  2  3  4  5  6 |
---------------+-------------------+-----
Stealth        | 1 2 |  2.8
Dodging        | 2 3 |  3.3
Ranged Weapons | 4 5 |  5.5
Fighting       | 3 |  3.6

Action                     |  1- 3 |  4- 6 |  7- 9 || total
---------------------------+-------+-------+-------++-------
   Fire: Sling             |    98 |   518 |     2 ||   618
    Use: Scroll            |       |     5 |       ||     5
         Potion            |       |     6 |       ||     6
 Armour: Leather armour    |     3 |    80 |       ||    83
         Skin              |       |    14 |     1 ||    15
  Dodge: Dodged            |     5 |    66 |       ||    71

Table legend: (Time is in decaauts)
 A = Elapsed time spent in this place.
 B = Non-inter-level travel time spent in this place.
 C = Inter-level travel time spent in this place.
 D = Time resting spent in this place.
 E = Time spent auto-exploring this place.
 F = Levels seen in this place.
 G = Mean time per level.
                   A        B        C        D        E       F      G
               +--------+--------+--------+--------+--------+-----+--------+
         Total |   4678 |   4537 |    141 |    359 |   3478 |   5 |  935.6 |
       Dungeon |   3812 |   3671 |    141 |    233 |   2854 |   4 |  953.0 |
         Sewer |    866 |    866 |      0 |    126 |    624 |   1 |  866.0 |
               +--------+--------+--------+--------+--------+-----+--------+

Top non-repeatable levels by time:
     D:3: 1745 daAuts
   Sewer: 866 daAuts
     D:2: 808 daAuts
     D:1: 808 daAuts
     D:4: 450 daAuts
